AoeStats
← Gambino

Arabia

510178164Analyzed
1v1 RM · 3d ago on Sep 29, 2026· 43m 31s· 2 players
Game mode
Random Map
Map size
Tiny (2 player)
Population
200
Speed
Normal
Resources
Standard
Victory
Conquest
Starting age
Dark Age
Ending age
Imperial Age
RankedLock teamsTeams togetherTeam positionsShared explorationLock speedFull tech treeHidden civsTurbo modeCheats
Victory
Defeat
🇨🇦 Tatars · Canada
619
+14
🇬🇧 Vietnamese · United Kingdom
575
-14
Gambino
8:50 Loom
12:02 Feudal Age
12:37 Double-Bit Axe
12:36 Horse Collar
18:32 Fletching
19:36 Wheelbarrow
22:05 Castle Age
22:32 Crossbowman
23:30 Padded Archer Armor
23:25 Bodkin Arrow
25:20 Leather Archer Armor
28:01 Stone Mining
28:05 Gold Mining
28:21 Elite Skirmisher
35:17 Ballistics
35:35 Hand Cart
35:07 Town Watch
41:02 Imperial Age
39:23 Bow Saw
39:18 Heavy Plow
39:57 Stone Shaft Mining
39:46 Thumb Ring
41:16 Arbalester
43:55 Chemistry
43:33 Ring Archer Armor
43:03 Bracer
Lucinka
11:32 Loom
14:03 Feudal Age
18:07 Castle Age
16:39 Double-Bit Axe
17:20 Fletching
18:14 Padded Archer Armor
18:11 Horse Collar
19:22 Bodkin Arrow
19:46 Leather Archer Armor
20:08 Gold Mining
20:37 Bow Saw
21:00 Stone Mining
23:07 Gold Shaft Mining
23:12 Heavy Plow
25:01 Crossbowman
26:59 Silk Armor
32:59 Imperial Age
30:36 Scale Mail Armor
33:09 Forging
33:06 Scale Barding Armor
34:25 Bracer
35:15 Conscription
37:18 Elite Keshik
38:06 Treadmill Crane
38:22 Murder Holes
39:28 Chemistry
Connection lost

Rejoining the realm…

Still unreachable

The connection could not be restored.

Session expired

The server has moved on; the page needs a fresh start.